 Dungeon Crawl Stone Soup version 0.27-a0-1378-gdefffd1ff6 (webtiles) character file.

Game seed: 9800635101850942242

56 funkygono the Charlatan (level 3, -1/28 HPs)
             Began as a Draconian Artificer on June 29, 2021.
             Slain by an iguana (6 damage)
             ... on level 4 of the Dungeon.
             The game lasted 00:03:35 (1535 turns).

funkygono the Charlatan (Draconian Artificer)       Turns: 1535, Time: 00:03:36

Health: -1/28      AC:  5    Str: 15    XL:     3   Next: 71%
Magic:  3/3        EV: 12    Int: 11    God:
Gold:   99         SH:  0    Dex: 11    Spells: 2/2 levels left

rFire    . . .     SeeInvis .   i - +0 mace
rCold    . . .     Faith    .   (no shield)
rNeg     . . .     Spirit   .   (armour unavailable)
rPois    .         Reflect  .   (helmet restricted)
rElec    .         Harm     .   (no cloak)
rCorr    .         Rampage  .   (no gloves)
Will     .....                  (no boots)
Stlth    +.........             (no amulet)
HPRegen  0.09/turn              (no ring)
MPRegen  0.08/turn              (no ring)

@: no status effects
A: AC +5, unfitting armour, cold-blooded
a: no special abilities


You were on level 4 of the Dungeon.
You visited 1 branch of the dungeon, and saw 4 of its levels.

You collected 99 gold pieces.

Inventory:

Hand Weapons
 i - a +0 mace (weapon)
Jewellery
 h - an amulet of guardian spirit
Wands
 c - a wand of charming (13)
Scrolls
 a - a scroll of amnesia {unknown}
 b - a scroll of identify
Potions
 e - a potion of heal wounds {unknown}
 f - a potion of curing
Miscellaneous
 d - a piece from Xom's chessboard (15/15)


   Skills:
 + Level 1.3 Fighting
 + Level 1.3 Maces & Flails
 + Level 2.6 Dodging
 + Level 1.0 Stealth
 + Level 3.9 Evocations


You had 2 spell levels left.
You didn't know any spells.
Your spell library was empty.

Dungeon Overview and Level Annotations

Branches:
Dungeon (4/15)
 Temple: D:4-7

Altars:
Trog


Innate Abilities, Weirdness & Mutations

Your plain brown scales are hard. (AC +5)
You cannot fit into any form of body armour.
You are cold-blooded and may be slowed by cold attacks.


Message History

An iguana is nearby!
An iguana is nearby! 2 iguanas come into view.
Found 9 gold pieces.
What are your orders? t - Shout!
Orders for allies: a - Attack new target. r - Retreat! s - Stop attacking. g - Guard the area. f - Follow me.
Anything else - Cancel.
You shout for attention!
The iguana hisses angrily.
You hear a bark!
You hear a shout!
The iguana closely misses you. The iguana closely misses you.
You closely miss the iguana.
A hound comes into view.
The iguana bites you but does no damage.
You hit the iguana.
The iguana is lightly wounded.
The iguana barely misses you. The iguana bites you!
You hit the iguana.
The iguana is moderately wounded.
The iguana completely misses you. The iguana closely misses you.
The iguana hisses menacingly.
The iguana completely misses you.
You hit the iguana.
The iguana is moderately wounded.
The iguana bites you but does no damage.
The hound bites you.
The iguana bites you but does no damage.
The iguana bites you!
* * * LOW HITPOINT WARNING * * *
The iguana barely misses you.
You closely miss the iguana.
The iguana is moderately wounded.
The hound bites you.
* * * LOW HITPOINT WARNING * * *
The hound bites you but does no damage. The iguana closely misses you.
The iguana bites you.
You die...

... ### ... ....
#.# ...###.# #
.....##
...##....####.##
................
##..h@l####.#.#
#....#ll........
#.....##.#####.#
....##..#.#
##.#......#
...#.....##
......##..#
.##.#....#
#...#..#.#


You could see 3 iguanas and a hound.

Vanquished Creatures
  A dart slug (D:1)
  3 orcs (D:3)
  A ball python (D:3)
  3 endoplasms
  A giant cockroach (D:1)
  3 goblins (D:1)
  5 hobgoblins
  11 jackals
  3 quokkas
  4 bats
  2 frilled lizards (D:2)
  3 kobolds
  4 rats
44 creatures vanquished.

Vanquished Creatures (collateral kills)
  2 frilled lizards (D:1)
2 creatures vanquished.

Vanquished Creatures (others)
  A goblin (D:1)
1 creature vanquished.

Grand Total: 47 creatures vanquished

Notes
Turn   | Place    | Note
-------+----------+-------------------------------------------
     0 | D:1      | funkygono the Draconian Artificer began the quest for the
                  | Orb.
     0 | D:1      | Reached XP level 1. HP: 16/16 MP: 1/1
   402 | D:1      | Found a faded altar of an unknown god.
   419 | D:1      | Reached XP level 2. HP: 23/23 MP: 2/2
   962 | D:2      | Reached skill level 1 in Stealth
   975 | D:2      | Reached XP level 3. HP: 25/28 MP: 3/3
  1092 | D:2      | Reached skill level 1 in Maces & Flails
  1431 | D:3      | Found a bloodstained altar of Trog.
  1535 | D:4      | Slain by an iguana

Illustrated notes

Levels and vault maps discovered:
D:1:      beargit_arrival_greenhouse, layout_rooms,
          ebering_ecumenical_altar_webs, chequers_serial_rivers_marsh,
          skrybe_limestone_x, corexii_item_surrounded_by_moat,
          kennysheep_nondescript, minmay_tromino_v7
D:2:      layout_basic, serial_shops, nicolae_shop_crystal,
          chequers_serial_rivers_marsh, uniq_natasha
D:3:      layout_loops_ring, lemuel_tele_altar,
          gammafunk_temple_overflow_elements, serial_shops, shop, st_stairs_8
D:4:      layout_loops_ring, hangedman_decor_points

Skill      XL: |  1  2  3 |
---------------+----------+-----
Stealth        | 1 |  1.0
Maces & Flails | 1 |  1.3
Fighting       | |  1.3
Dodging        | |  2.6
Evocations     | |  3.9

Action                   || total
-------------------------++-------
Melee: Club              ||    25
       Tailslap          ||    10
       Mace              ||    74
Evoke: Wand              ||    17
       Piece from Xom's  ||     2
  Use: Scroll            ||     2
Armor: Skin              ||    45
Dodge: Dodged            ||    96

Table legend: (Time is in decaauts)
 A = Elapsed time spent in this place.
 B = Non-inter-level travel time spent in this place.
 C = Inter-level travel time spent in this place.
 D = Time resting spent in this place.
 E = Time spent auto-exploring this place.
 F = Levels seen in this place.
 G = Mean time per level.
                   A        B        C        D        E       F      G
               +--------+--------+--------+--------+--------+-----+--------+
         Total |   1573 |   1540 |     33 |      0 |   1182 |   4 |  393.2 |
       Dungeon |   1573 |   1540 |     33 |      0 |   1182 |   4 |  393.2 |
               +--------+--------+--------+--------+--------+-----+--------+

Top non-repeatable levels by time:
     D:1: 953 daAuts
     D:2: 378 daAuts
     D:3: 222 daAuts
     D:4: 19 daAuts
